 Dungeon Crawl Stone Soup version 0.29-a0-322-g68df515 (webtiles) character file.

Game seed: 6541612606890975135

1 Toastz the Sneak (level 1, 0/10 HPs)
             Began as a Kobold Enchanter on Apr 6, 2022.
             Slain by a bat (1 damage)
             ... on level 1 of the Dungeon.
             The game lasted 00:00:52 (96 turns).

Toastz the Sneak (Kobold Enchanter)                   Turns: 96, Time: 00:00:52

Health: 0/10       AC:  2    Str:  5    XL:     1   Next: 22%
Magic:  3/3        EV: 15    Int: 16    God:
Gold:   25         SH:  0    Dex: 15    Spells: 4/4 levels left

rFire   . . .      SeeInvis .   a - +1 dagger
rCold   . . .      Faith    .   (no shield)
rNeg    . . .      Spirit   .   b - +0 robe
rPois   .          Reflect  .   (no helmet)
rElec   .          Harm     .   (no cloak)
rCorr   .          Rampage  .   (no gloves)
Will    .....                   (no boots)
Stlth   ++++......              (no amulet)
HPRegen 0.03/turn               (no ring)
MPRegen 0.08/turn               (no ring)

@: no status effects
A: small, no large weapons, nightstalker 3
a: no special abilities


You were on level 1 of the Dungeon.
You visited 1 branch of the dungeon, and saw 1 of its levels.

You collected 25 gold pieces.

Inventory:

Hand Weapons
 a - a +1 dagger (weapon)
Armour
 b - a +0 robe (worn)
Scrolls
 d - a scroll of immolation {unknown}
Potions
 c - 2 potions of invisibility


   Skills:
 + Level 0.2 Fighting
 + Level 1.5 Short Blades
 - Level 2.4 Dodging
 - Level 4.0 Stealth
 - Level 2.1 Spellcasting
 - Level 3.0 Hexes


You had 4 spell levels left.
You didn't know any spells.
Your spell library contained the following spells:

 Spells                   Type           Power      Damage    Failure   Level
 Ensorcelled Hibernation  Hex/Ice        12%        N/A       17%         2
 Confusing Touch          Hex            11%        N/A       19%         3
 Tukima's Dance           Hex            11%        N/A       19%         3
 Dazzling Flash           Conj/Hex       12%        N/A       32%         3


Dungeon Overview and Level Annotations

Branches:
Dungeon (1/15)

Altars:


Innate Abilities, Weirdness & Mutations

You are small and have problems with some larger weapons.
You are completely attuned to the shadows.


Message History

The bat hits you but does no damage.
You closely miss the bat. The bat closely misses you.
The bat barely misses you.
You miss the bat. The bat misses you. The bat barely misses you.
Things that are here:
a +0 club; a goblin corpse The bat completely misses you.
The bat hits you but does no damage. The bat barely misses you.
The bat attacks as you move away! The bat closely misses you.
The bat hits you but does no damage.
Really walk into that dispersal trap?
You enter a dispersal trap!
The bat blinks!
You blink.
You start resting.
A bat is nearby!
The bat barely misses you. The bat barely misses you.
You are too injured to fight recklessly!
The bat attacks as you move away! The bat closely misses you. x2
The bat completely misses you. The bat misses you. The bat closely misses you.
The bat barely misses you.
Really walk into that dispersal trap?
You enter a dispersal trap!
The bat blinks!
You blink.
The bat enters a dispersal trap!
You blink.
The bat blinks!
The bat enters a dispersal trap!
You blink.
The bat misses you.
You start resting.
The bat closely misses you.
You closely miss the bat. The bat hits you.
* * * LOW HITPOINT WARNING * * *
The bat closely misses you. The bat hits you but does no damage.
The bat attacks as you move away! The bat closely misses you.
The bat misses you. The bat completely misses you.
The bat hits you but does no damage. The bat misses you.
The bat barely misses you. The bat hits you.
You die...

##...#...###..#.
#...###b..# .##
#...# #...# .#
##..#####..##.#
#...........#
#...........#
#.⌠...<...⌠.#
#...........#
#..@b.......#
####..#..####
##...## .....#
###.### ..


You could see a bat.

Vanquished Creatures
  A goblin (D:1)
1 creature vanquished.

Notes
Turn   | Place    | Note
-------+----------+-------------------------------------------
     0 | D:1      | Toastz the Kobold Enchanter began the quest for the Orb.
     0 | D:1      | Reached XP level 1. HP: 10/10 MP: 3/3
    96 | D:1      | Slain by a bat

Illustrated notes

Levels and vault maps discovered:
D:1:      dpeg_arrival_arbitrary_c, layout_basic, serial_shops, shop,
          chequers_ecumenical_altar_grove

Action                   || total
-------------------------++-------
Melee: Dagger            ||    11
Armor: Robe              ||     7
Dodge: Dodged            ||    28

Table legend: (Time is in decaauts)
 A = Elapsed time spent in this place.
 B = Non-inter-level travel time spent in this place.
 C = Inter-level travel time spent in this place.
 D = Time resting spent in this place.
 E = Time spent auto-exploring this place.
 F = Levels seen in this place.
 G = Mean time per level.
                   A        B        C        D        E       F      G
               +--------+--------+--------+--------+--------+-----+--------+
         Total |     95 |     95 |      0 |     14 |     29 |   1 |   95.0 |
       Dungeon |     95 |     95 |      0 |     14 |     29 |   1 |   95.0 |
               +--------+--------+--------+--------+--------+-----+--------+

Top non-repeatable levels by time:
     D:1: 95 daAuts
